 Dungeon Crawl Stone Soup version 0.22-a0-368-g870eee8 (webtiles) character file.

28 JeffiDaFish the Digger (level 3, 0/19 HPs)
             Began as a Gargoyle Earth Elementalist on Apr 23, 2018.
             Slain by Sigmund
             ... wielding a +1 scythe of slicing
              (1 damage)
             ... on level 2 of the Dungeon.
             The game lasted 00:02:33 (1099 turns).

JeffiDaFish the Digger (GrEE)                       Turns: 1099, Time: 00:02:34

Health: 0/19       AC:  5    Str: 11    XL:     3   Next: 14%
Magic:  7/7        EV: 12    Int: 16    God:
Gold:   124        SH:  0    Dex: 10    Spells: 6/7 levels left

rFire    . . .     SeeInvis .   k - +4 dagger
rCold    . . .     Gourm    .   (no shield)
rNeg     + . .     Faith    .   c - +0 robe
rPois    ∞         Spirit   .   (no helmet)
rElec    +         Reflect  +   (no cloak)
rCorr    .         Harm     .   (no gloves)
MR       .....                  (no boots)
Stlth    ++........             j - +4 amulet of reflection
HPRegen  0.06/turn              i - ring of stealth
MPRegen  0.10/turn              (no ring)

@: confused
A: negative energy resistance 1, electricity resistance, unbreathing,
petrification resistance, rot immunity, AC +3
a: no special abilities


You were on level 2 of the Dungeon.
You were not hungry.

You visited 1 branch of the dungeon, and saw 2 of its levels.

You collected 124 gold pieces.

Inventory:

Hand Weapons
 k - a +4 dagger (weapon)
Missiles
 b - 7 stones (quivered)
Armour
 c - a +0 robe (worn)
Jewellery
 i - a ring of stealth (left hand)
 j - a +4 amulet of reflection (around neck)
Scrolls
 a - 4 scrolls of remove curse
 f - a scroll of identify
Potions
 e - 2 potions of heal wounds
Comestibles
 d - 2 rations
 g - a chunk of flesh


   Skills:
 - Level 1.5 Dodging
 - Level 2.1 Stealth
 + Level 2.7 Spellcasting
   Level 0.7 Transmutations
 + Level 4.4 Earth Magic


You had 6 spell levels left.
You knew the following spells:

 Your Spells              Type           Power        Failure   Level  Hunger
a - Sandblast             Erth           ###...       3%          1    #......


Dungeon Overview and Level Annotations

Branches:
Dungeon (2/15)

Altars:

Annotations:
D:2 Sigmund


Innate Abilities, Weirdness & Mutations

You are resistant to torment.
Your stone body is resilient. (AC +3)
You are immune to poison.
You resist negative energy. (rN+)
You are resistant to electric shocks. (rElec)
You can survive without breathing.
You are immune to petrification.
You are immune to rotting.


Message History

Some of the chunks of flesh in your inventory have rotted away.
A quokka and a goblin come into view.
The goblin hits you.
You completely miss the goblin. The goblin barely misses you.
You hear some strange, mumbled words.
You are confused.
A rat comes into view.
You closely miss the goblin. The goblin barely misses you.
You hit the goblin.
The goblin is heavily wounded.
The hobgoblin barely misses you. The goblin closely misses you.
Something hits you. The goblin hits you but does no damage.
The goblin barely misses you. The goblin closely misses you.
The hobgoblin closely misses you.
You hit the hobgoblin.
The hobgoblin is severely wounded.
Something hits you!
Ouch! That really hurt!
* * * LOW HITPOINT WARNING * * *
You die...

.# #.#####
...... #....
##r.###..
#....<...
..#####...####
.......gg....#
.##...rg@.##.#
# #.###..## #.
#.###..###.#
#.##.##.......#
######
#.#.##...###.#
#..
..###.......#
#.#
#.#.#.###..#
#.# #.##<# #..#
##.#
#.##.#.#..#


You could see a quokka, a hobgoblin, 2 goblins and a rat.

Vanquished Creatures
  A dart slug (D:2)
  4 bats (D:1)
  6 giant cockroaches (D:1)
  2 goblins (D:1)
  2 hobgoblins (D:1)
  2 frilled lizards (D:1)
  7 kobolds (D:1)
  3 rats (D:1)
27 creatures vanquished.

Notes
Turn   | Place    | Note
-------+----------+-------------------------------------------
     0 | D:1      | JeffiDaFish the Gargoyle Earth Elementalist began the quest for the Orb.
     0 | D:1      | Reached XP level 1. HP: 10/10 MP: 3/3
   270 | D:1      | Reached XP level 2. HP: 15/15 MP: 1/5
   272 | D:1      | Reached skill level 4 in Earth Magic
   887 | D:1      | Reached XP level 3. HP: 19/19 MP: 6/6
  1090 | D:2      | Noticed Sigmund
  1099 | D:2      | Slain by Sigmund

Vault maps used:
D:1:      roderic_crossed_star
D:2:      uniq_sigmund

Skill      XL: |  1  2 |
---------------+-------+-----
Earth Magic    | 4 |  4.4
Dodging        | |  1.5
Stealth        | |  2.1
Spellcasting   | |  2.7
Transmutations | |  0.7

Action                   || total
-------------------------++-------
Melee: Dagger            ||    25
       Unarmed           ||     1
 Cast: Sandblast         ||    25
  Use: Scroll            ||     7
       Potion            ||     2
 Stab: Sleeping          ||     3
  Eat: Chunk             ||     1
Armor: Robe              ||     6
Dodge: Dodged            ||    17
Block: Other             ||     2

Table legend:
 A = Spawn XP
 B = Non-spawn XP
 C = Spawn XP percentage of total XP
 D = Spawn monster count
 E = Non-spawn monster count
 F = Spawn count percentage of total count
 G = Total turns spent on level
                    A         B        C        D         E        F      G
               +---------+---------+-------+---------+---------+-------+---------
         Total |       0 |      41 |   0.0 |       0 |      27 |   0.0 |  1099
               +---------+---------+-------+---------+---------+-------+---------
           D:1 |       0 |      37 |   0.0 |       0 |      26 |   0.0 |  1041
           D:2 |       0 |       4 |   0.0 |       0 |       1 |   0.0 |    58
               +---------+---------+-------+---------+---------+-------+---------
